 Dungeon Crawl Stone Soup version 0.17.0-28-g6e173f8 (webtiles) character file.

251 inmateoo the Chopper (level 5, -5/49 HPs)
             Began as a Deep Dwarf Fighter on Nov 22, 2015.
             Was a Follower of Makhleb.
             Slain by an ogre
             ... wielding a +0 giant club
              (14 damage)
             ... on level 4 of the Dungeon.
             The game lasted 00:03:09 (2387 turns).

inmateoo the Chopper (Deep Dwarf Fighter)           Turns: 2387, Time: 00:03:09

Health: -5/49      AC: 11    Str: 21    XL:     5   Next: 88%
Magic:  7/7        EV:  4    Int:  8    God:    Makhleb [*.....]
Gold:   165        SH: 10    Dex: 15    Spells: 0 memorised, 4 levels left

rFire  . . .     SeeInvis +     a - +0 war axe
rCold  . . .     Clarity  .     q - +0 plate armour
rNeg   . . .     SustAt   .     c - +0 shield
rPois  .         Gourm    .     (no helmet)
rElec  .         Spirit   .     (no cloak)
rCorr  .         Warding  .     (no gloves)
rMut   .         Stasis   .     (no boots)
MR     .....                    (no amulet)
Stlth  ..........               p - +3 ring of dexterity
                                b - ring of see invisible

@: non-regenerating, not resistant to hostile enchantments, extremely unstealthy
A: damage resistance, recharge devices, sense surroundings 1, slow regeneration
3
a: Device Recharging, Renounce Religion


You were on level 4 of the Dungeon.
You worshipped Makhleb.
Makhleb was aware of your devotion.
You were very hungry.

You visited 1 branch of the dungeon, and saw 4 of its levels.

You collected 165 gold pieces.

Inventory:

Hand Weapons
 a - a +0 war axe (weapon)
Armour
 c - a +0 shield (worn)
 q - a +0 plate armour (worn)
Jewellery
 b - a ring of see invisible (left hand)
 p - a +3 ring of dexterity (right hand)
Wands
 e - a wand of heal wounds (1)
 o - a wand of frost (36)
Scrolls
 g - 2 scrolls of fear {unknown}
 h - 2 scrolls of random uselessness {unknown}
 i - a scroll of teleportation {unknown}
 j - a scroll of remove curse {unknown}
 k - 3 scrolls of identify {unknown}
 s - a scroll of noise {unknown}
Potions
 d - 2 potions of might
 m - a potion of degeneration {unknown}
 u - 2 potions of agility {unknown}
 w - a potion of lignification {unknown}
 x - 2 potions of mutation {unknown}
Books
 r - a book of the Warp

   Spells                             Type                      Level
   a - Recall                         Summoning/Translocation      3
   b - Gell's Gravitas                Hexes/Translocation          3
   c - Force Lance                    Conjuration/Translocation    4
   d - Phase Shift                    Translocation                5
   e - Warp Weapon                    Charms/Translocation         5
   f - Summon Forest                  Summoning/Translocation      5
Miscellaneous
 n - a plain deck of wonders
Comestibles
 f - 2 bread rations
 l - 4 fruits
 t - a slice of pizza
 v - a royal jelly


   Skills:
 + Level 3.4 Fighting
 * Level 4.5 Axes
 + Level 4.2 Armour
 + Level 4.0 Shields
 + Level 2.6 Evocations


You had 4 spell levels left.
You didn't know any spells.

Dungeon Overview and Level Annotations

Branches:
Dungeon (4/15)             Temple (0/1) D:4

Altars:
Ashenzari
Makhleb
Nemelex Xobeh
Ru
Trog
Xom


Innate Abilities, Weirdness & Mutations

You are resistant to damage.
You can recharge devices by infusing magical energy.
You passively map a small area around you.
You do not regenerate naturally.


Message History

Unknown command.
Evoke which item? (* to show all) (? for menu, Esc to quit)
Zapping:
e - a wand of heal wounds (3)
Press: ? - help, Shift-Dir - straight line, f - you You feel much better.
This wand has 2 charges left.
The ogre hits you with a giant club!!
* * * LOW HITPOINT WARNING * * *
Evoke which item? (* to show all) (? for menu, Esc to quit)
Zapping:
e - a wand of heal wounds (2)
Press: ? - help, Shift-Dir - straight line, f - you You feel much better.
This wand has 1 charge left.
The ogre hits you with a giant club!!
You closely miss the ogre.
The ogre is almost dead.
The ogre hits you with a giant club!
* * * LOW HITPOINT WARNING * * *
You closely miss the ogre.
The ogre is almost dead.
The ogre hits you with a giant club!
You die...

, ,,*#.# #.# , ,,
#.# #.# , #.###.##
* , * #......# *,
#.###..# ###+*###
#......# #.., #.#
#......# ,#O###.#
#..###.# *
*#@##.####..# # ,
##.........# *
#.##.####.)# ,
#!###.##..[)# *
*#.##.........###.#
#. #.8.8.8.......#
# *#..⌠.⌠.........#
* #.8.>.8...####.#
....⌠.⌠....# * #,


You could see an ogre.

Vanquished Creatures
  A giant frog skeleton (D:4)
  2 orc wizards (D:4)
  2 hounds
  2 adders (D:3)
  An ooze (D:1)
  5 worms
  6 giant geckos
  5 orcs
  8 bats
  4 giant cockroaches
  5 hobgoblins
  3 jackals (D:3)
  A quokka (D:3)
  A ball python (D:3)
  11 giant newts
  3 goblins
  3 kobolds
  13 rats
76 creatures vanquished.

Notes
Turn   | Place    | Note
--------------------------------------------------------------
     0 | D:1      | inmateoo the Deep Dwarf Fighter began the quest for the Orb.
     0 | D:1      | Reached XP level 1. HP: 20/20 MP: 1/1
    78 | D:1      | Reached XP level 2. HP: 21/27 MP: 2/2
   505 | D:1      | Reached XP level 3. HP: 20/33 MP: 3/3
   696 | D:2      | Found a sparkling altar of Nemelex Xobeh.
   827 | D:2      | Reached skill level 1 in Evocations
   863 | D:2      | Found a burning altar of Makhleb.
   874 | D:2      | Became a worshipper of Makhleb the Destroyer
   904 | D:2      | Found a bloodstained altar of Trog.
   980 | D:2      | Found a shattered altar of Ashenzari.
   992 | D:2      | Reached XP level 4. HP: 27/42 MP: 5/5
  1162 | D:2      | Found a shimmering altar of Xom.
  1567 | D:3      | Found a sacrificial altar of Ru.
  1795 | D:3      | Reached * piety under Makhleb
  2225 | D:4      | Reached skill level 4 in Axes
  2225 | D:4      | Reached XP level 5. HP: 14/49 MP: 6/6
  2344 | D:4      | Found a staircase to the Ecumenical Temple.
  2376 | D:4      | Noticed an ogre
  2387 | D:4      | Slain by an ogre

Action                   |  1- 3 |  4- 6 || total
-------------------------+-------+-------++-------
Melee: War axe           |   124 |   126 ||   250
Evoke: Wand              |     1 |     3 ||     4
  Eat: Chunk             |       |     4 ||     4
